 Dungeon Crawl Stone Soup version 0.31-a0-1010-g5322dac6a2 (webtiles) character file.

Game seed: 15890129433279516536

88 Azuregosa the Covert (level 4, 0/31 HPs)
             Began as an Octopode Delver on Nov 16, 2023.
             Succumbed to an adder's poison
             ... on level 4 of the Dungeon.
             The game lasted 00:02:31 (428 turns).

Azuregosa the Covert (Octopode Delver)               Turns: 428, Time: 00:02:32

Health: 0/31       AC:  1    Str: 11    XL:     4   Next: 53%
Magic:  4/4        EV: 13    Int: 14    God:
Gold:   29         SH:  0    Dex: 13    Spells: 3/3 levels left

rFire   . . .        i - +3 falchion
rCold   . . .        (no shield)
rNeg    . . .        (helmet restricted)
rPois   .            (no amulet)
rElec   .            (no ring)
rCorr   .            (no ring)
SInv    .            (no ring)
Will    .....        (no ring)
Stlth   +++++        (no ring)
HPRegen 0.25/turn    (no ring)
MPRegen 0.09/turn    (no ring)
                     (no ring)

%: no passive effects
@: lethally poisoned (0 -> -4)
A: almost no armour, amphibious, 8 rings, camouflage 1, gelatinous body 1,
(nimble swimmer 1), tentacles
a: no special abilities


You were on level 4 of the Dungeon.
You visited 1 branch of the dungeon, and saw 2 of its levels.

You collected 29 gold pieces.

Inventory:

Hand Weapons
 a - a +0 falchion
 i - a +3 falchion (weapon)
Missiles
 g - 5 stones
Wands
 f - a wand of digging (3)
Scrolls
 b - a scroll of fog
 c - a scroll of identify {unknown}
Potions
 e - a potion of haste
 h - a potion of might {unknown}


   Skills:
 - Level 3.0 Fighting
 - Level 2.0 Long Blades
 - Level 2.0 Dodging
 + Level 9.0 Stealth


You had 3 spell levels left.
You didn't know any spells.
Your spell library was empty.

Dungeon Overview and Level Annotations

Branches:
Dungeon (5/15)
 Temple: D:4-7

Altars:


Innate Abilities, Weirdness & Mutations

You cannot wear most types of armour.
You are amphibious.
You can wear up to eight rings at the same time.
Your skin changes colour to match your surroundings (Stealth+).
Your rubbery body absorbs attacks. (AC +1, EV +1)
((You are camouflaged when in or above water. (Stealth+)))
You have tentacles for arms and can constrict up to eight enemies at once.


Message History

You slash the orc wizard! You squeeze the orc wizard.
You kill the orc wizard!
Your Stealth skill increases to level 9!
You closely miss the orc wizard. Your grab misses the orc wizard.
The orc barely misses you.
The orc wizard hits you with a +0 dagger.
You barely miss the orc wizard. You grab the orc wizard.
You squeeze the orc wizard!
The orc wizard is heavily wounded.
You constrict the orc wizard, but do no damage.
The orc wizard points at you and mumbles some strange words.
You are confused.
The orc closely misses you.
You release your grip on the orc wizard.
You miss the orc.
The adder hisses angrily.
The orc wizard hits you with a +0 dagger.
The orc barely misses you. The orc hits you with a +0 flail.
The orc closely misses you. The orc wizard barely misses you.
The orc closely misses you. The orc attacks as it pursues you!
The orc closely misses you.
The orc wizard gestures wildly while chanting.
The orc wizard flickers and vanishes!
Deactivating autopickup; reactivate with Ctrl-A.
The orc closely misses you.
You are too confused!
You barely miss the orc.
You feel less confused. The orc hits you with a +0 flail. The adder bites you.
You are poisoned.
The adder poisons you! The orc hits you with a +0 war axe!
* * * LOW HITPOINT WARNING * * *
As you read the scroll of fear, it crumbles to dust.
You assume a fearsome visage.
The orc looks frightened! x3
The adder looks frightened!
* * * LOW HITPOINT WARNING * * *
You feel sick.
* * * LOW HITPOINT WARNING * * *
You feel sick.
You die...

##...##....#
#..........#
#..).......#
#..........#
#..........#
##.>.#.....#
#####....#############
#....##...##.....##
#.....#....@......# ..
#.....)...........#)..
#.)...#...........'...
#.....#..){......S#..
##...#######...####.#
#....# #o.o####.##
#.....#.....)o.......#
##....#.....[........#
.....#..............#


You could see an adder (fleeing) and 3 orcs.

Vanquished Creatures
  A hound (D:4)
  An orc wizard (D:4)
  A worm (D:4)
  4 orcs
  A hobgoblin (D:4)
  2 kobolds (D:4)
  A quokka (D:5)
  A ball python (D:4)
12 creatures vanquished.

Vanquished Creatures (others)
  An orc wizard (D:4)
1 creature vanquished.

Grand Total: 13 creatures vanquished

Notes
Turn   | Place    | Note
-------+----------+-------------------------------------------
     0 | D:5      | Azuregosa the Octopode Delver began the quest for the Orb.
     0 | D:5      | Reached XP level 1. HP: 16/16 MP: 1/1
    41 | D:4      | Noticed an orc wizard
    97 | D:4      | Noticed an orc wizard
   104 | D:4      | Killed an orc wizard
   105 | D:4      | Reached skill level 7 in Stealth
   105 | D:4      | Reached XP level 2. HP: 7/21 MP: 2/2
   231 | D:5      | Noticed an ogre
   264 | D:4      | Reached skill level 8 in Stealth
   264 | D:4      | Reached XP level 3. HP: 10/26 MP: 3/3
   354 | D:4      | Reached XP level 4. HP: 28/31 MP: 4/4
   419 | D:4      | Reached skill level 9 in Stealth
   426 | D:4      | HP: 1/31 [poisoned by an adder]
   428 | D:4      | Succumbed to an adder's poison

Illustrated notes

Levels and vault maps discovered:
D:4:      layout_gridville, marbit_many_paths
D:5:      layout_gridville

Skill      XL: |  1  2  3  4 |
---------------+-------------+-----
Stealth        | 7 8 9 |  9.0
Fighting       | |  3.0
Long Blades    | |  2.0
Dodging        | |  2.0

Action                     |  1- 3 |  4- 6 || total
---------------------------+-------+-------++-------
  Melee: Falchion          |    24 |    14 ||    38
         Constrict         |     6 |     4 ||    10
         Tentacles         |     4 |     3 ||     7
    Use: Scroll            |     1 |     1 ||     2
 Armour: Skin              |    16 |     7 ||    23
  Dodge: Dodged            |    16 |    17 ||    33

Table legend: (Time is in decaauts)
 A = Elapsed time spent in this place.
 B = Non-inter-level travel time spent in this place.
 C = Inter-level travel time spent in this place.
 D = Time resting spent in this place.
 E = Time spent auto-exploring this place.
 F = Levels seen in this place.
 G = Mean time per level.
                   A        B        C        D        E       F      G
               +--------+--------+--------+--------+--------+-----+--------+
         Total |    436 |    436 |      0 |    195 |      0 |   2 |  218.0 |
       Dungeon |    436 |    436 |      0 |    195 |      0 |   2 |  218.0 |
               +--------+--------+--------+--------+--------+-----+--------+

Top non-repeatable levels by time:
     D:5: 226 daAuts
     D:4: 209 daAuts
